 Dungeon Crawl Stone Soup version 0.31-a0-1291-g5386780bc2 (webtiles) character file.

Game seed: 5928598968050577491

868 Descartes the Digger (level 8, 0/57 HPs)
             Began as a Formicid Earth Elementalist on Dec 18, 2023.
             Was an Initiate of Gozag.
             Succumbed to a gnoll sergeant's poison
             ... on level 5 of the Dungeon.
             The game lasted 00:09:56 (4591 turns).

Descartes the Digger (Formicid Earth Elementalist)  Turns: 4591, Time: 00:09:57

Health: 0/57       AC:  5    Str: 13    XL:     8   Next: 23%
Magic:  9/15       EV: 12    Int: 15    God:    Gozag
Gold:   133        SH:  0    Dex: 16    Spells: 13/17 levels left

rFire   . . .        k - +1 spear (venom)
rCold   + + .        (no shield)
rNeg    . . .        D - +2 leather armour {rC+}
rPois   .            (helmet unavailable)
rElec   .            (no cloak)
rCorr   .            (no gloves)
SInv    +            (no boots)
Will    +....        (no amulet)
Stlth   ++           n - ring of willpower
HPRegen 0.29/turn    v - ring of protection from cold
MPRegen 0.14/turn

%: no passive effects
@: lethally poisoned (0 -> -29), gold aura
A: permanent stasis, dig shafts and tunnels, antennae 3, four strong arms,
robust 1, screaming 1, MP-powered wands
a: Dig, Shaft Self, Renounce Religion, Potion Petition, Call Merchant, Bribe
Branch


You were on level 5 of the Dungeon.
You worshipped Gozag.
Gozag was aware of your devotion.
You visited 1 branch of the dungeon, and saw 5 of its levels.

You collected 592 gold pieces.
You paid 459 gold pieces to Gozag.

Inventory:

Hand Weapons
 a - a +0 dagger of flaming
 e - a +2 dagger of protection
 g - a +0 short sword of venom
 k - a +1 spear of venom (weapon)
 B - a +2 whip of venom
Missiles
 l - 6 poisoned darts
 m - 2 curare-tipped darts
 q - 4 boomerangs
 u - 4 darts of dispersal
Armour
 x - a +0 ring mail
 D - a +2 leather armour of cold resistance (worn)
Magical Staves
 t - a staff of conjuration
Jewellery
 n - a ring of willpower (left hand)
 r - a ring of positive energy
 v - a ring of protection from cold (right hand)
Wands
 C - a wand of iceblast (9)
Scrolls
 c - 2 scrolls of fear {unknown}
 f - 2 scrolls of amnesia {unknown}
 h - a scroll of immolation {unknown}
 i - 5 scrolls of teleportation {unknown}
 j - 5 scrolls of identify {unknown}
 o - 3 scrolls of noise {unknown}
 p - a scroll of butterflies {unknown}
 y - a scroll of enchant armour {unknown}
 A - a scroll of enchant weapon {unknown}
Potions
 b - a potion of magic
 d - a potion of mutation
 z - a potion of attraction {unknown}


   Skills:
 - Level 1.7 Dodging
 - Level 2.4 Stealth
 - Level 5.0 Spellcasting
 + Level 4.2 Conjurations
 - Level 1.1 Transmutations
 + Level 7.8 Earth Magic


You had 13 spell levels left.
You knew the following spells:

 Your Spells              Type           Power      Damage    Failure   Level
a - Sandblast             Erth           54%        2d13      1%          1
b - Stone Arrow           Conj/Erth      42%        3d9       5%          3

Your spell library contained the following spells:

 Spells                   Type           Power      Damage    Failure   Level
 Passwall                 Tmut/Erth      14%        N/A       4%          2
 Momentum Strike          Conj/Tloc      20%        3d8       13%         2
 Brom's Barrelling Bould  Conj/Erth      21%        2d4       17%         4
 Lesser Beckoning         Tloc           6%         N/A       30%         2
 Petrify                  Tmut/Erth      17%        N/A       32%         4
 Blink                    Tloc           Unusable   N/A       N/A         2

Dungeon Overview and Level Annotations

Branches:
Dungeon (5/15)
 Temple: D:4-7

Altars:
Cheibriados
Gozag
Hepliaklqana
Kikubaaqudgha
Okawaru
Trog
Xom
Zin
The Shining One

Shops:
D:4 ?

Annotations:
D:1 1 transporter
D:4 3 runed translucent doors, rumpelstilzz's ghost, amateur OpVM


Innate Abilities, Weirdness & Mutations

You cannot be hasted, slowed, berserked, paralysed or teleported.
You can dig through walls and to a lower floor.
You have a pair of large antennae on your head. (SInv)
Your four strong arms can wield two-handed weapons with a shield.
You are robust. (+10% HP)
You occasionally shout uncontrollably at your foes.
You expend magic power (3 MP) to strengthen your wands.


Message History

Press: ? - help, Shift-Dir - straight line, f/p - gnoll
Aim: a gnoll, wielding a +0 spear (85% to hit)
The blast of sand hits the gnoll!
You kill the gnoll!
Casting: Sandblast (safe; 1% risk of failure)
Confirm with . or Enter, or press ? or * to list all spells.
Aiming: Sandblast (safe; 1% risk of failure)
Press: ? - help, Shift-Dir - straight line, f/p - gnoll
Aim: a gnoll, wielding a +0 spear (85% to hit)
The blast of sand hits the gnoll sergeant!
The gnoll sergeant is moderately wounded.
The gnoll sergeant hits you from afar with a +2 spear of venom!
You are poisoned.
Unknown command.
Casting: Sandblast (safe; 1% risk of failure)
Confirm with . or Enter, or press ? or * to list all spells.
Aiming: Sandblast (safe; 1% risk of failure)
Press: ? - help, Shift-Dir - straight line, f/p - gnoll
Aim: a gnoll, wielding a +0 spear (85% to hit)
The blast of sand misses the gnoll sergeant.
The blast of sand hits the gnoll!
The gnoll is almost dead.
You feel very sick.
The gnoll sergeant hits you from afar with a +2 spear of venom.
You are lethally poisoned!
The gnoll sergeant closely misses you.
Casting: Sandblast (safe; 1% risk of failure)
Confirm with . or Enter, or press ? or * to list all spells.
Aiming: Sandblast (safe; 1% risk of failure)
Press: ? - help, Shift-Dir - straight line, f/p - gnoll
Aim: a gnoll, wielding a +0 spear (almost dead, 85% to hit)
The blast of sand hits the gnoll sergeant but does no damage.
The gnoll sergeant is moderately wounded.
* * * LOW HITPOINT WARNING * * *
You feel extremely sick.
The gnoll sergeant hits you from afar with a +2 spear of venom!
* * * LOW HITPOINT WARNING * * *
You are more poisoned.
You die...
Your body crumbles into a pile of gold.

##.### ##..###......#
.....#####..##..........
.............#..........
....
...###...........#......
... ...#
###........#######.
..l,, .#.# #........# .{
##..# ##........## #{#
.. ###..##....)<##..##
##..##... #
#.##....#####@.##
#.......# ..#...##
###$####.......# #.....#
##g##){.....## #.....#
#gg..{..##... #..##.
#{......## # ..#
#............ ..
#.....#.###### ####.####
###


You could see a gnoll sergeant and a gnoll.

Vanquished Creatures
  Edmund (D:4)
  An ice beast (D:3)
  A black bear (D:4)
  A scorpion (D:5)
  A hound (D:5)
  2 orc priests (D:4)
  A sleepcap (D:4)
  An iguana (D:3)
  Natasha (thrice) (D:4)
  6 adders
  13 gnolls
  3 worms
  3 dart slugs
  8 orcs
  10 ball pythons
  7 bats
  9 endoplasms
  5 giant cockroaches
  5 goblins
  8 hobgoblins
  7 jackals
  A quokka (D:2)
  2 frilled lizards (D:3)
  6 kobolds
  5 rats
110 creatures vanquished.

Notes
Turn   | Place    | Note
-------+----------+-------------------------------------------
     0 | D:1      | Descartes the Formicid Earth Elementalist began the quest
                  | for the Orb.
     0 | D:1      | Reached XP level 1. HP: 13/13 MP: 3/3
   280 | D:1      | Reached XP level 2. HP: 7/19 MP: 0/5
   365 | D:1      | Reached skill level 4 in Earth Magic
   767 | D:1      | Reached XP level 3. HP: 24/24 MP: 5/7
  1332 | D:2      | Reached XP level 4. HP: 27/30 MP: 1/9
  1616 | D:2      | Reached skill level 5 in Earth Magic
  1621 | D:2      | Reached XP level 5. HP: 23/35 MP: 3/10
  1803 | D:3      | Found a hazy altar of Hepliaklqana.
  1887 | D:3      | Found a glowing silver altar of Zin.
  1947 | D:3      | Learned a level 3 spell: Stone Arrow
  2223 | D:3      | Found a snail-covered altar of Cheibriados.
  2229 | D:3      | Found a glowing golden altar of the Shining One.
  2232 | D:3      | Found a faded altar of an unknown god.
  2250 | D:3      | Prayed at the altar of an unknown god.
  2250 | D:3      | Became a worshipper of Gozag Ym Sagoz the Greedy
  2285 | D:3      | Found an ancient bone altar of Kikubaaqudgha.
  2514 | D:4      | Found Usso's Magic Scroll Emporium.
  2536 | D:4      | Noticed Natasha
  2540 | D:4      | Killed Natasha
  2748 | D:4      | Reached skill level 1 in Conjurations
  2752 | D:4      | Reached XP level 6. HP: 41/41 MP: 3/12
  2781 | D:4      | Noticed Natasha
  2787 | D:4      | Killed Natasha
  2804 | D:4      | Noticed Natasha
  2808 | D:4      | Killed Natasha
  2844 | D:4      | Reached skill level 6 in Earth Magic
  3204 | D:4      | Reached XP level 7. HP: 33/46 MP: 6/14
  3409 | D:4      | Found a runed translucent gate.
  3409 | D:4      | Found a runed translucent gate.
  3409 | D:4      | Found a runed translucent gate.
  3410 | D:4      | Noticed rumpelstilzz's ghost (amateur OpVM)
  3479 | D:4      | Reached skill level 5 in Spellcasting
  3770 | D:3      | Reached skill level 7 in Earth Magic
  4151 | D:5      | Entered Level 5 of the Dungeon
  4214 | D:5      | Reached XP level 8. HP: 49/52 MP: 10/15
  4268 | D:5      | Found a bloodstained altar of Trog.
  4270 | D:5      | Found an iron altar of Okawaru.
  4300 | D:5      | Found a shimmering altar of Xom.
  4301 | D:5      | Noticed Edmund
  4341 | D:4      | Gained mutation: You are robust. (+10% HP) [potion of
                  | mutation]
  4341 | D:4      | Gained mutation: You occasionally shout uncontrollably at
                  | your foes. [potion of mutation]
  4341 | D:4      | Gained mutation: You expend magic power (3 MP) to
                  | strengthen your wands. [potion of mutation]
  4344 | D:4      | HP: 2/57 [Edmund/+3 flail of protection (7)]
  4355 | D:4      | HP: 4/85 [Edmund/+3 flail of protection (2)]
  4357 | D:4      | Killed Edmund
  4591 | D:5      | Succumbed to a gnoll sergeant's poison

Illustrated notes

Levels and vault maps discovered:
D:1:      spicycebolla_arrival_risky_transporter, layout_basic,
          patterned_corridor
D:2:      layout_rooms, minmay_split_cup_large
D:3:      layout_loops_ring, old_standard_altar, kiku_gazebo_garden_becter,
          zin_scriptorium, chequers_temple_overflow_statue_of_worship,
          ebering_ecumenical_altar_sacrificial
D:4:      layout_rooms, gammafunk_ghost_split, serial_shops,
          nicolae_shop_crystal, nzn_random_ring, uniq_natasha
D:5:      layout_layer_cave, vehumet_crystals, overflow_temple_1_default,
          grunt_temple_overflow_open, uniq_edmund, uniq_prince_ribbit1,
          uniq_ijyb

Skill      XL: |  1  2  3  4  5  6  7  8 |
---------------+-------------------------+-----
Earth Magic    | 4 5 6 7 |  7.8
Spellcasting   | 3 4 5 |  5.0
Conjurations   | 1 2 3 4 |  4.2
Dodging        | |  1.7
Stealth        | |  2.4
Transmutations | |  1.1

Action                     |  1- 3 |  4- 6 |  7- 9 || total
---------------------------+-------+-------+-------++-------
  Melee: Unarmed           |    12 |       |       ||    12
         Dagger            |     2 |       |       ||     2
         Spear             |     5 |     9 |    14 ||    28
         Punch             |     1 |       |       ||     1
   Cast: Sandblast         |    45 |    92 |    74 ||   211
 Invoke: Potion Petition   |       |       |     1 ||     1
Ability: Dig               |       |     1 |       ||     1
    Use: Potion            |       |       |     3 ||     3
 Armour: Robe              |    23 |     8 |       ||    31
         Ring mail         |       |    23 |    29 ||    52
         Leather armour    |       |       |    24 ||    24
         Skin              |       |       |    11 ||    11
  Dodge: Dodged            |    27 |    26 |    43 ||    96

Table legend: (Time is in decaauts)
 A = Elapsed time spent in this place.
 B = Non-inter-level travel time spent in this place.
 C = Inter-level travel time spent in this place.
 D = Time resting spent in this place.
 E = Time spent auto-exploring this place.
 F = Levels seen in this place.
 G = Mean time per level.
                   A        B        C        D        E       F      G
               +--------+--------+--------+--------+--------+-----+--------+
         Total |   4703 |   4506 |    197 |      0 |   3612 |   5 |  940.6 |
       Dungeon |   4703 |   4506 |    197 |      0 |   3612 |   5 |  940.6 |
               +--------+--------+--------+--------+--------+-----+--------+

Top non-repeatable levels by time:
     D:4: 1595 daAuts
     D:3: 1170 daAuts
     D:1: 960 daAuts
     D:2: 743 daAuts
     D:5: 234 daAuts
